cohdb
Replays
Latest Replays
All Replays
Popular Replays
Top Player Replays
Match Explorer
How It Works
Community
CoH3 Stats
Reddit
Sign in to upload your games and track your stats! →
Sign in with Steam
Match 42788798
Unlisted
Match 42788798
Overview
Messages
Build Orders
End
Construct Infanterie Kompanie
Kettenkrad Recon Vehicle
Selects Breakthrough Battlegroup
Selects Assault Grenadiers
Grenadier Squad
MG 42 Machine Gun Team
Grenadier Squad
Construct Panzergrenadier Kompanie
Selects Rapid Production
Medical Station
Pak 40 Anti-tank Gun Team
251 Medium Carrier
Support Elements
Panzergrenadier Squad
Nebelwerfer 42 Rocket Launcher Team
Construct Panzer Kompanie
Selects Blitzkrieg
Sturmpanzer IV Brummbär
Side Skirts
Panzer IV Medium Tank
Pioneer Squad
Panzer Officer Quarters
Blitzkrieg
Panzer IV Medium Tank
Blitzkrieg
Cavalera
Valar[M]orgHulis
金爷爷用石头击落美帝
Tactical
Muelleri
Warlockek
Giena_
Happy
0
0
Comments
sign in to comment!
No comments posted yet!